 Dungeon Crawl Stone Soup version 0.32-a0-540-g866d13106e (webtiles) character file.

Game seed: 15713415159883668943

235 grandjackal the Trooper (level 5, 0/43 HPs)
             Began as a Demonspawn Gladiator on Feb 29, 2024.
             Slain by an orc
             ... wielding a +1 war axe of electrocution
              (10 damage)
             ... on level 4 of the Dungeon.
             The game lasted 00:03:00 (2812 turns).

grandjackal the Trooper (Demonspawn Gladiator)      Turns: 2812, Time: 00:03:00

Health: 0/43       AC:  4    Str: 15    XL:     5   Next: 76%
Magic:  5/5        EV: 12    Int:  8    God:
Gold:   211        SH:  8    Dex: 16    Spells: 4/4 levels left

rFire   + . .        a - +0 long sword
rCold   + . .        (no shield)
rNeg    . . .        b - +0 leather armour
rPois   .            c - +0 helmet
rElec   .            k - scarf {rC+ rF+}
rCorr   .            (no gloves)
SInv    .            (no boots)
Will    .....        (no amulet)
Stlth   +            (no ring)
HPRegen 0.27/turn    (no ring)
MPRegen 0.09/turn

%: no passive effects
@: no status effects
A: large bone plates 1, condensation shield
a: no special abilities


You were on level 4 of the Dungeon.
You visited 1 branch of the dungeon, and saw 4 of its levels.

You collected 211 gold pieces.

Inventory:

Hand Weapons
 a - a +0 long sword (weapon)
Missiles
 d - 3 throwing nets (quivered)
 e - 5 javelins
Armour
 b - a +0 leather armour (worn)
 c - a +0 helmet (worn)
 k - a scarf of resistance (worn)
Scrolls
 g - 2 scrolls of identify {unknown}
 h - a scroll of enchant weapon {unknown}
 n - 3 scrolls of fear {unknown}
 p - a scroll of vulnerability {unknown}
 q - a scroll of enchant armour {unknown}
 r - a scroll of summoning {unknown}
Potions
 f - 2 potions of mutation {unknown}
 i - 2 potions of might {unknown}
 j - 2 potions of ambrosia {unknown}
 l - a potion of haste {unknown}
 m - a potion of curing {unknown}
 o - a potion of attraction {unknown}


   Skills:
 + Level 4.3 Fighting
 - Level 4.1 Long Blades
 - Level 2.0 Throwing
 + Level 1.2 Armour
 - Level 3.0 Dodging


You had 4 spell levels left.
You didn't know any spells.
Your spell library contained the following spells:

 Spells                   Type           Power      Damage    Failure   Level
 Slow                     Hex            0%         N/A       47%         1
 Call Canine Familiar     Summ           0%         N/A       85%         3
 Confusing Touch          Hex            0%         N/A       85%         3
 Sigil of Binding         Hex            0%         N/A       85%         3
 Vampiric Draining        Necr           0%         2d6       85%         3
 Dimensional Bullseye     Hex/Tloc       0%         N/A       99%         4


Dungeon Overview and Level Annotations

Branches:
Dungeon (4/15)
 Temple: D:4-7

Altars:

Annotations:
D:3 2 transporters, Triskal's ghost, amateur TrGl


Innate Abilities, Weirdness & Mutations

You are partially covered in large bone plates. (SH +4)
A meltable shield of frost defends you. (SH +4)


Message History

You hit the endoplasm.
The endoplasm is almost dead.
The endoplasm freezes you.
You are frozen.
You resist.
You slash the endoplasm!
You kill the endoplasm!
Things that are here:
a +0 club; an orc corpse
There is a stone staircase leading up, spattered with blood here.
You start resting.
HP restored.
You climb upwards.
Level annotation: 2 transporters, Triskal's ghost, amateur TrGl The orc hits you with a +0 hand axe!
The orc hits you but does no damage.
There is a stone staircase leading down here.
The orc closely misses you.
The orc wizard gestures at you while chanting.
The magic dart hits you.
The orc hits you with a +1 war axe of electrocution.
You climb downwards.
There is a stone staircase leading up, spattered with blood here.
Unknown command.
You closely miss the orc. You block the orc's attack.
The orc barely misses you.
You hit the orc.
The orc is lightly wounded.
You block the orc's attack. The orc closely misses you.
The orc hits you with a +0 hand axe.
You hit the orc.
The orc is almost dead.
You block the orc's attack. The orc hits you with a +0 hand axe.
The orc hits you with a +1 war axe of electrocution!
* * * LOW HITPOINT WARNING * * *
You are too injured to fight recklessly!
You are too injured to fight recklessly!
You hit the orc but do no damage.
The orc is almost dead.
The orc barely misses you.
The orc hits you with a +1 war axe of electrocution!
You die...

###########
#$........#
####.........###
...............
#..........###
#.............
##..o.o....#
#....@#.......
.......#########.
....... .......
....... .$.....
....### ....


You could see 2 orcs.

Vanquished Creatures
  An orc priest (D:4)
  Jessica (D:3)
  Natasha (D:3)
  2 orc wizards (D:3)
  3 adders (D:2)
  A dart slug (D:1)
  A ribbon worm (D:2)
  6 orcs
  8 endoplasms
  4 giant cockroaches
  6 hobgoblins
  8 jackals
  A quokka (D:1)
  3 ball pythons
  2 bats (D:2)
  5 frilled lizards
  4 goblins
  6 kobolds
  5 rats
68 creatures vanquished.

Notes
Turn   | Place    | Note
-------+----------+-------------------------------------------
     0 | D:1      | grandjackal the Demonspawn Gladiator began the quest for
                  | the Orb.
     0 | D:1      | Reached XP level 1. HP: 16/16 MP: 1/1
   143 | D:1      | Gained mutation: You are partially covered in large bone
                  | plates. (SH +4) [demonic ancestry]
   143 | D:1      | Reached XP level 2. HP: 19/22 MP: 2/2
   178 | D:1      | Found a faded altar of an unknown god.
  1304 | D:2      | Reached XP level 3. HP: 18/28 MP: 3/3
  1638 | D:2      | Gained mutation: A meltable shield of frost defends you.
                  | (SH +4) [demonic ancestry]
  1638 | D:2      | Reached XP level 4. HP: 35/35 MP: 4/4
  1706 | D:2      | Identified the +4 hand axe of Vykken {heavy, rF++}
  1887 | D:3      | Noticed Jessica
  1892 | D:3      | Killed Jessica
  2024 | D:3      | Reached XP level 5. HP: 7/42 MP: 5/5
  2421 | D:3      | Noticed Triskal's ghost (amateur TrGl)
  2439 | D:3      | Found a transporter.
  2449 | D:3      | Noticed Natasha
  2459 | D:3      | Killed Natasha
  2475 | D:3      | Found a transporter.
  2691 | D:4      | Reached skill level 1 in Armour
  2812 | D:4      | Slain by an orc

Illustrated notes

Levels and vault maps discovered:
D:1:      dpeg_arrival_court, layout_basic,
          hellmonk_ecumenical_altar_slurped_away, minmay_tetromino_t2
D:2:      minmay_chambers_of_twos, layout_basic
D:3:      layout_basic, gammafunk_ghost_stat_death, uniq_natasha,
          uniq_crazy_yiuf_cottage, uniq_jessica
D:4:      layout_basic, serial_glass, glass_columns_a, glass_columns_c,
          glass_columns_b, item_on_display_a, amethyst_killhole, uniq_ijyb

Skill      XL: |  1  2  3  4  5 |
---------------+----------------+-----
Throwing       | 2 |  2.0
Long Blades    | 3 4 |  4.1
Dodging        | 3 |  3.0
Fighting       | 3 4 |  4.3
Armour         | 1 |  1.2

Action                     |  1- 3 |  4- 6 || total
---------------------------+-------+-------++-------
  Melee: Long sword        |   171 |   102 ||   273
   Stab: Distracted        |     1 |       ||     1
         Sleeping          |       |     1 ||     1
 Armour: Leather armour    |   102 |    62 ||   164
  Dodge: Dodged            |   110 |    44 ||   154
  Block: Other             |    25 |    32 ||    57

Table legend: (Time is in decaauts)
 A = Elapsed time spent in this place.
 B = Non-inter-level travel time spent in this place.
 C = Inter-level travel time spent in this place.
 D = Time resting spent in this place.
 E = Time spent auto-exploring this place.
 F = Levels seen in this place.
 G = Mean time per level.
                   A        B        C        D        E       F      G
               +--------+--------+--------+--------+--------+-----+--------+
         Total |   2876 |   2748 |    128 |    445 |   1696 |   4 |  719.0 |
       Dungeon |   2876 |   2748 |    128 |    445 |   1696 |   4 |  719.0 |
               +--------+--------+--------+--------+--------+-----+--------+

Top non-repeatable levels by time:
     D:1: 1275 daAuts
     D:3: 753 daAuts
     D:2: 628 daAuts
     D:4: 218 daAuts
